 Dungeon Crawl Stone Soup version 0.22-a0-880-gb7b0c8b (webtiles) character file.

586376 seren the Slayer (level 27, -17/310 (312) HPs)
             Began as an Ogre Fighter on July 28, 2018.
             Was the Champion of Makhleb.
             Killed from afar by an ancient lich (103 damage)
             ... with a crystal spear
             ... on level 3 of the Realm of Zot on July 30, 2018.
             The game lasted 08:04:34 (97758 turns).

seren the Slayer (Ogre Fighter)                    Turns: 97758, Time: 08:04:34

HP:   -17/310 (312) AC: 27    Str: 34    XL:     27
MP:   40/40         EV:  9    Int: 17    God:    Makhleb [******]
Gold: 4153          SH: 31    Dex:  8    Spells: 25/46 levels left

rFire    + + +     SeeInvis +   r - +2 morningstar (holy)
rCold    + + .     Gourm    .   I - +6 large shield of Claustrophobia {rF+}
rNeg     + + .     Faith    .   Q - +8 gold dragon scales
rPois    +         Spirit   .   j - +1 hat {MR+}
rElec    +         Reflect  +   W - +1 cloak {+Inv}
rCorr    .         Harm     .   (gloves unavailable)
MR       ++++.                  (boots unavailable)
Stlth    ..........             M - amulet "Odaima" {Reflect rElec rN++ Int+8 Dex-5 SH+3}
HPRegen  0.61/turn              z - ring "Hise" {+Blink rF++ MR+ SInv}
MPRegen  0.27/turn              D - ring of protection from cold

@: corroded, berserk cooldown, slowed, very slow
A: large, unfitting armour, horns 1, see invisible, high mp 1, strong 1, tough
skin 1
}: 3/15 runes: serpentine, barnacled, silver
a: Minor Destruction, Lesser Servant of Makhleb, Major Destruction, Greater
Servant of Makhleb, Renounce Religion, Evoke Blink, Evoke Invisibility


You were on level 3 of the Realm of Zot.
You worshipped Makhleb.
Makhleb was exalted by your worship.
You were not hungry.

You visited 12 branches of the dungeon, and saw 52 of its levels.
You visited the Abyss 1 time.
You visited 1 bazaar.
You also visited: Trove.

You collected 8202 gold pieces.
You spent 4049 gold pieces at shops.

Inventory:

Hand Weapons
 a - a +4 morningstar of crushing
 p - a +1 vampiric demon whip
 r - a +2 morningstar of holy wrath (weapon)
Missiles
 d - 31 javelins of penetration (quivered)
 E - 9 throwing nets {!f}
 X - 98 large rocks
Armour
 i - a +0 cloak of magic resistance
 j - a +1 hat of magic resistance (worn)
 I - the +6 large shield of Claustrophobia (worn) {rF+}
   (You found it in a treasure trove)

   It protects you from fire.
 O - a scarf of resistance
 Q - +8 gold dragon scales (worn)
 W - a +1 cloak of invisibility (worn)
Jewellery
 g - an uncursed ring of flight
 h - an uncursed ring of poison resistance
 v - a +6 ring of protection
 z - the ring "Hise" (left hand) {+Blink rF++ MR+ SInv}
   (You took it off Mara on level 5 of the Vaults)

   [ring of see invisible]

   It greatly protects you from fire.
   It affects your resistance to hostile enchantments.
   It lets you see invisible.
   It lets you blink.
 D - a ring of protection from cold (right hand)
 M - the amulet "Odaima" (around neck) {Reflect rElec rN++ Int+8 Dex-5 SH+3}
   (You bought it in a shop on level 4 of the Depths)

   [amulet of reflection]

   It shields you and reflects attacks.
   It affects your intelligence (+8).
   It affects your dexterity (-5).
   It insulates you from electricity.
   It greatly protects you from negative energy.
   It affects your SH (+3).
 P - an uncursed ring of resist corrosion
Wands
 n - a wand of scattershot (8)
 s - a wand of clouds (12)
 x - a wand of digging (11)
 L - a wand of acid (20)
 U - a wand of disintegration (16)
Scrolls
 e - 27 scrolls of remove curse
 k - a scroll of teleportation {!r}
 o - 2 scrolls of fog
 q - 9 scrolls of magic mapping
 t - 5 scrolls of blinking {!r}
 H - 3 scrolls of holy word
 S - 19 scrolls of identify
Potions
 c - 2 potions of berserk rage
 m - 12 potions of curing
 u - 5 potions of agility
 w - 6 potions of cancellation
 A - 2 potions of haste
 B - 2 potions of ambrosia
 C - a potion of heal wounds
 F - 4 potions of magic
 K - a potion of mutation {!q}
 R - 3 potions of flight
 T - 2 potions of might
Miscellaneous
 b - 3 phantom mirrors
 J - 5 boxes of beasts
 N - a phial of floods
 V - a lamp of fire
 Z - a lightning rod (4/4)
Comestibles
 f - 55 rations
 l - a chunk of flesh


   Skills:
 + Level 24.5 Fighting
 - Level 16.0 Maces & Flails
 - Level 14.0 Throwing
 * Level 13.5 Armour
 - Level 13.3 Dodging
 - Level 15.0 Shields
 - Level 10.0 Spellcasting
 - Level 8.0 Charms
 - Level 8.0 Summonings
 - Level 10.0 Necromancy
 - Level 7.0 Translocations
 - Level 8.0 Air Magic
 - Level 18.0 Invocations
 - Level 6.3 Evocations


You had 25 spell levels left.
You knew the following spells:

 Your Spells              Type           Power        Failure   Level  Hunger
a - Animate Skeleton      Necr           N/A          1%          1    None
b - Blink                 Tloc           N/A          10%         2    None
c - Statue Form           Tmut/Erth      #........    100%        6    ######.
d - Lesser Beckoning      Tloc           ####......   19%         3    None
f - Summon Butterflies    Summ           #####...     4%          1    None
l - Summon Lightning Spi  Summ/Air       #####...     38%         4    ###....
p - Apportation           Tloc           ####..       6%          1    None
r - Regeneration          Chrm/Necr      #####.....   9%          3    None

Your spell library contained the following spells:

 Spells                   Type           Power        Failure   Level  Hunger
 Cause Fear               Hex            #.........   100%        4    ###....
 Magic Dart               Conj           #...         75%         1    None
 Fireball                 Conj/Fire      #.........   100%        5    #####..
 Conjure Flame            Conj/Fire      #.......     98%         3    None
 Lightning Bolt           Conj/Air       ###.......   99%         5    #####..
 Slow                     Hex            #.......     86%         2    None
 Confuse                  Hex            #.......     98%         3    None
 Throw Flame              Conj/Fire      #.....       86%         2    None
 Controlled Blink         Tloc           N/A          100%        8    #######
 Freezing Cloud           Conj/Ice/Air   ###.......   100%        6    ######.
 Mephitic Cloud           Conj/Pois/Air  ###.....     75%         3    None
 Ring of Flames           Chrm/Fire      ###.......   100%        7    #######
 Venom Bolt               Conj/Pois      #.........   100%        5    #####..
 Death's Door             Chrm/Necr      #####.....   100%        8    #######
 Summon Small Mammal      Summ           ####         4%          1    None
 Bolt of Draining         Conj/Necr      ####......   99%         5    #####..
 Iskenderun's Mystic Bla  Conj           #.......     100%        4    ###....
 Animate Dead             Necr           N/A          19%         4    ###....
 Pain                     Necr           ####         1%          1    None
 Vampiric Draining        Necr           #####.....   5%          3    None
 Haunt                    Necr/Summ      #####.....   100%        7    #######
 Borgnjor's Revivificati  Necr           #####.....   100%        8    #######
 Sticky Flame             Conj/Fire      #.......     100%        4    ###....
 Summon Ice Beast         Ice/Summ       ###.....     91%         4    ###....
 Ozocubu's Armour         Chrm/Ice       ###.....     54%         3    None
 Call Imp                 Summ           #####...     6%          2    None
 Dispel Undead            Necr           #####...     45%         5    #####..
 Sublimation of Blood     Necr           #####.....   2%          2    None
 Summon Demon             Summ           #####.....   75%         5    #####..
 Corpse Rot               Necr           N/A          2%          2    None
 Recall                   Summ/Tloc      N/A          16%         3    None
 Spider Form              Tmut/Pois      #.........   98%         3    None
 Blade Hands              Tmut           #.........   100%        5    #####..
 Ice Form                 Ice/Tmut       #.......     100%        4    ###....
 Dragon Form              Tmut           #.........   100%        7    #######
 Necromutation            Tmut/Necr      ####......   100%        8    #######
 Death Channel            Necr           #####.....   96%         6    ######.
 Shadow Creatures         Summ           N/A          100%        6    ######.
 Confusing Touch          Hex            #.....       75%         1    None
 Flame Tongue             Conj/Fire      #....        75%         1    None
 Sticks to Snakes         Tmut           #.......     86%         2    None
 Call Canine Familiar     Summ           #####...     13%         3    None
 Metabolic Englaciation   Hex/Ice        #.........   100%        5    #####..
 Shatter                  Erth           #.........   100%        9    #######
 Static Discharge         Conj/Air       ###.....     54%         3    None
 Corona                   Hex            #......      75%         1    None
 Excruciating Wounds      Chrm/Necr      #####.....   61%         5    #####..
 Portal Projectile        Hex/Tloc       ###...       63%         3    None
 Petrify                  Tmut/Erth      #.......     100%        4    ###....
 Tornado                  Air            #####.....   100%        9    #######
 Leda's Liquefaction      Hex/Erth       #.........   100%        4    ###....
 Summon Hydra             Summ           #####.....   100%        7    #######
 Inner Flame              Hex/Fire       #.......     98%         3    None
 Aura of Abjuration       Summ           #####.....   75%         5    #####..
 Beastly Appendage        Tmut           #.....       75%         1    None
 Iskenderun's Battlesphe  Conj/Chrm      ###.....     99%         5    #####..
 Fulminant Prism          Conj/Hex       #.........   100%        4    ###....
 Dazzling Spray           Conj/Hex       #.....       98%         3    None
 Force Lance              Conj/Tloc      ###.....     95%         4    ###....
 Searing Ray              Conj           #.....       86%         2    None
 Summon Forest            Summ/Tloc      ####......   82%         5    #####..
 Summon Guardian Golem    Hex/Summ       ###.....     54%         3    None
 Summon Mana Viper        Hex/Summ       ###.....     99%         5    #####..
 Hydra Form               Tmut           #.........   100%        6    ######.
 Irradiate                Conj/Tmut      #.........   100%        5    #####..
 Gell's Gravitas          Tloc           ####......   19%         3    None
 Yara's Violent Unravell  Hex/Tmut       #.........   100%        5    #####..
 Infestation              Necr           #####.....   100%        8    #######
 Poisonous Vapours        Pois/Air       ###...       32%         2    None
 Ignition                 Fire           #.........   100%        8    #######


Dungeon Overview and Level Annotations

Branches:
Dungeon (15/15)            Temple (1/1) D:4            Lair (6/6) D:8
 Shoals (4/4) Lair:3        Snake (4/4) Lair:2        Slime (0/5) Lair:5
    Orc (2/2) D:10            Elf (3/3) Orc:2        Vaults (5/5) D:14
  Crypt (3/3) Vaults:2       Tomb (0/3) Crypt:3      Depths (5/5) D:15
   Hell (1/1)                 Zot (3/5) Depths:5
    Dis: Hell:1         Geh: Hell:1         Coc: Hell:1         Tar: Hell:1

Altars:
Ashenzari
Cheibriados
Dithmenos
Elyvilon
Fedhas
Gozag
Hepliaklqana
Kikubaaqudgha
Makhleb
Nemelex Xobeh
Okawaru
Qazlal
Ru
Sif Muna
Trog
Uskayaw
Vehumet
Wu Jian
Xom
Yredelemnul
Zin
The Shining One
Beogh

Shops:
D:5 [   D:9 *   D:10 [   D:11 [   D:13 %   D:14 :   D:15 :   Orc:2 %?%[%
Elf:2 (=   Elf:3 (   Snake:1 *   Snake:4 [*:   Vaults:1 *   Vaults:3 (*(*
Vaults:5 =   Depths:4 [=}}*[

Portals:
Hell: Depths:1 Depths:2 Depths:3 Depths:4 Depths:5
Abyss: Depths:2 Depths:3 Depths:4
Pandemonium: Depths:3 Depths:5
Ziggurat: Depths:4

Annotations:
D:10 exclusion: downstairs
Shoals:4 need to finish
Snake:1 exclusion: downstairs
Snake:3 exclusion: downstairs
Snake:4 exclusion: Roxanne, Roxanne; ThisFiasco's ghost, adept SpEn; Zukicey's ghost, adept MiBe; feelmyfire's ghost, adept DgTm
Elf:1 2 transporters, exclusions: downstairs and orange crystal statue
Elf:3 need to finish later
Vaults:2 exclusion: downstairs
Vaults:4 Mennas
Hell cacodemon, Geryon
Zot:1 2 transporters


Innate Abilities, Weirdness & Mutations

You are too large for most types of armour.
You have tough skin. (AC +1)
You have a pair of small horns on your head.
You have supernaturally acute eyesight. (SInv)
You have an increased reservoir of magic. (+10% MP)
Your muscles are strong. (Str +2)


Message History

You headbutt the ancient lich, but do no damage.
The ancient lich is heavily damaged.
The ancient lich gestures at you while chanting.
The bolt of acid hits you!
* * * LOW HITPOINT WARNING * * *
You are splashed with acid!
The acid burns!
* * * LOW HITPOINT WARNING * * *
The bolt of acid hits your golden dragon skeleton.
Your golden dragon skeleton is splashed with acid.
Your golden dragon skeleton is destroyed!
You closely miss the ancient lich.
The ancient lich is moderately damaged.
The ancient lich points at you and mumbles some strange words.
The bolt of acid hits you!
* * * LOW HITPOINT WARNING * * *
The acid corrodes you!
You are splashed with acid!
The acid burns!
* * * LOW HITPOINT WARNING * * *
The ancient lich points at you and mumbles some strange words.
The crystal spear hits you!
You die...

************ *⌠,,,,,,,,,**
*,**,*****..* *,**,* *#.##
********+**,* *..# *,,,,,,,,,,,*
*#.# *,,,,,,,,,,,* #####.## #
*,,,,,,,,,,,###......# #
*****,,,,,*,#.@L.....## #
*,**,,*,#.#.......# #
******,**,####.###..##.#########
*,,,,,,*###......###+.......Z.ZZ
*,****###..[####...###..######.#
*,* ###.)≈###,,*##...#########.#
*,**#....##,,,,,,**...,**#......
*,*#.≈..##,,****,,**..≈,*#.###.#
*,#...≈##,,**,,**,,**≈,,,#(# #.#


You could see an ancient lich.

Vanquished Creatures
  Mara (Vaults:5)
  2 juggernauts
  3 ancient liches
  Boris (Crypt:1)
  Bai Suzhen (Crypt:1)
  Frederick (Vaults:4)
  Saint Roka (Snake:4)
  A Killer Klown (Zot:2)
  5 curse toes
  A caustic shrike (Depths:4)
  Vashnia (Snake:2)
  Nikola (Snake:2)
  5 golden dragons
  4 liches
  9 tentacled monstrosities
  4 titans
  2 deep elf master archers (Elf:3)
  4 quicksilver dragons
  Asterion (Snake:1)
  2 deep elf blademasters (Elf:3)
  5 death cobs
  Polyphemus (Shoals:2)
  Agnes (D:15)
  6 ancient champions
  2 sphinxes
  The ghost of Meatbag the Blocker, an adept GnFi of the Shining One (Snake:3)
  8 shadow dragons
  4 tengu reavers
  Kirke (D:15)
  11 storm dragons
  8 nagarajas
  2 revenants (Crypt:3)
  2 draconian monks
  12 vault wardens
  4 draconian scorchers
  Aizul (Snake:1)
  8 deep elf sorcerers
  6 fire giants
  9 frost giants
  3 draconian knights
  4 draconian shifters
  3 iron dragons
  7 deep elf elementalists
  A draconian annihilator (Zot:2)
  4 draconian stormcallers
  A spriggan defender (Depths:4)
  15 stone giants
  A caustic shrike skeleton (D:15)
  A reaper (Crypt:2)
  3 war gargoyles (Vaults:5)
  The ghost of Jeytapiq the Summoner, an adept VSSu of Sif Muna (Snake:4)
  4 vampire knights
  16 ironheart preservers
  An entropy weaver (Vaults:4)
  Nessos (D:14)
  7 very ugly things
  7 black draconians
  A green draconian (Zot:3)
  6 deep elf demonologists
  9 deep elf annihilators
  5 yellow draconians
  A lorocyproca (Depths:5)
  7 purple draconians
  3 white draconians
  4 red draconians
  A dire elephant (Lair:6)
  8 eidola
  8 spark wasps (Depths:5)
  9 deep elf death magi
  The ghost of iamserjio the Covert, a journeyman OpFi of Cheibriados (Lair:4)
  11 ettins
  4 merfolk javelineers
  A green death (Snake:3)
  A blizzard demon (Depths:2)
  7 great orbs of eyes
  10 jiangshi
  A fire dragon (shapeshifter) (Depths:5)
  13 ogre magi
  10 fire dragons
  16 yaktaur captains
  13 merfolk impalers
  20 vault guards (Vaults:5)
  7 deep elf high priests
  A hell beast (Depths:3)
  8 naga warriors
  A catoblepas (Shoals:2)
  5 hydras
  4 merfolk avatars
  A rakshasa (Vaults:3)
  6 centaur warriors
  7 ice dragons
  4 spriggan air magi
  2 merfolk aquamancers
  7 anacondas
  37 two-headed ogres
  5 vampire magi
  4 death knights
  5 death yaks
  6 tengu warriors
  2 orc high priests (Orc:2)
  17 dancing weapons
  10 deep troll shamans
  4 deep troll earth magi
  Sonja (Lair:3)
  7 naga sharpshooters
  A titan zombie (Crypt:3)
  6 shock serpents
  A sun demon (Depths:3)
  13 hell knights
  27 deep elf knights
  A storm dragon zombie (Crypt:2)
  A soul eater (Depths:1)
  A salamander mystic (Snake:4)
  6 iron trolls
  21 deep trolls
  An unseen horror (shapeshifter) (Vaults:3)
  An anaconda zombie (Crypt:1)
  15 sea snakes
  11 flayed ghosts
  30 skeletal warriors
  4 shadow wraiths
  2 unseen horrors (Vaults:1)
  5 wizards
  20 deep elf archers
  18 ironbrand convokers
  A lindwurm (Lair:6)
  5 naga ritualists (Snake:2)
  14 harpies
  A swamp dragon (shapeshifter) (Depths:3)
  11 necromancers
  A shambling mangrove (Lair:5)
  A lindwurm (shapeshifter) (D:12)
  A wolf spider zombie (D:14)
  A phantasmal warrior (Crypt:2)
  5 mana vipers
  13 orc knights
  An orc sorcerer (Orc:2)
  33 ugly things
  A mana viper (shapeshifter) (Vaults:5)
  61 deep elf magi
  2 wolf spiders
  A sphinx skeleton (D:15)
  2 salamanders
  A salamander (shapeshifter) (Vaults:5)
  11 manticores
  10 moths of wrath
  3 fauns (Shoals:3)
  A spriggan zombie (Depths:2)
  7 cyclopes
  7 elephants
  27 black mambas
  6 guardian serpents
  A titan simulacrum (Vaults:3)
  An elephant (shapeshifter) (Vaults:5)
  A black mamba (shapeshifter) (Vaults:4)
  9 apocalypse crabs (Zot:2)
  An iron dragon skeleton (Depths:2)
  A water nymph (shapeshifter) (Depths:2)
  A gargoyle (D:11)
  8 merfolk sirens
  13 vault sentinels
  2 human skeletons
  12 naga magi
  3 stone giant skeletons
  8 spiny frogs
  2 orange demons
  3 water nymphs (Shoals:4)
  2 shock serpent skeletons (Crypt:1)
  10 freezing wraiths
  2 efreet
  51 yaktaurs
  A yaktaur zombie (Vaults:2)
  4 ice devils
  A swamp worm zombie (Crypt:3)
  2 yaktaur skeletons (Depths:1)
  3 komodo dragons
  A sea snake zombie (Crypt:3)
  15 merfolk
  9 guardian mummies
  A wandering mushroom (Lair:5)
  A red devil (Depths:5)
  3 harpy zombies (Shoals:4)
  10 trolls
  An elf skeleton (Depths:1)
  A meliai (shapeshifter) (Vaults:4)
  A sea snake skeleton (Crypt:1)
  9 hornets
  6 meliai (D:14)
  2 polar bears (Lair:6)
  A hornet (shapeshifter) (Vaults:4)
  3 raiju (Abyss:3)
  48 slime creatures
  5 wind drakes
  4 snapping turtles
  2 raiju (shapeshifter)
  A hippogriff (shapeshifter) (Vaults:1)
  A blink frog (Lair:4)
  A shadow dragon simulacrum (Vaults:3)
  A blink frog (shapeshifter) (Vaults:3)
  6 dream sheep
  A hydra skeleton (Crypt:1)
  2 meliai zombies
  7 hippogriffs
  12 flying skulls
  3 large abominations
  2 redbacks (shapeshifter)
  2 spriggans (Depths:1)
  9 air elementals
  A redback (Vaults:4)
  An orc simulacrum (Vaults:2)
  2 shadows (Crypt:1)
  A tarantella (Vaults:4)
  9 wraiths
  2 ynoxinuls
  32 yaks
  An ettin skeleton (Vaults:2)
  2 ice dragon skeletons (Crypt:3)
  A steam dragon (Lair:4)
  3 wyverns
  A basilisk (Lair:5)
  7 hogs
  20 water elementals
  2 fire elementals
  3 hungry ghosts
  A chaos spawn (Depths:3)
  An infernal demonspawn zombie (Crypt:3)
  7 vampire mosquitoes
  35 nagas
  2 neqoxecs (Abyss:3)
  Edmund (D:4)
  A swamp worm (shapeshifter) (D:13)
  7 wargs
  4 insubstantial wisps (Depths:1)
  An acid dragon (Vaults:1)
  3 hell hounds
  9 water moccasins
  7 porcupines
  A two-headed ogre skeleton (Crypt:1)
  3 ice beasts
  8 sky beasts
  A black bear (shapeshifter) (Vaults:4)
  43 orc warriors
  A phantom (D:13)
  2 black bears
  A manticore zombie (Crypt:2)
  29 ogres
  5 boggarts
  A tengu (shapeshifter) (Elf:3)
  An eye of draining (D:13)
  18 wolves
  15 centaurs
  12 crocodiles
  An orc skeleton (Vaults:2)
  A rime drake zombie (Crypt:2)
  9 big kobolds
  6 elf zombies (Elf:3)
  13 bullfrogs
  A gnoll sergeant (D:7)
  A wyvern zombie (D:14)
  3 earth elementals
  A wyvern skeleton (Crypt:3)
  5 scorpions
  7 killer bees
  A polar bear zombie (Crypt:3)
  17 wights
  2 tengu skeletons
  6 electric eels
  2 howler monkeys
  12 crimson imps
  4 bullfrog zombies
  A quasit (D:13)
  2 human simulacra
  A soldier ant zombie (Crypt:1)
  2 hounds
  14 jellies
  2 centaur zombies
  A human zombie (Crypt:1)
  35 orc priests
  A gnoll shaman (Orc:2)
  23 orc wizards
  3 centaur skeletons
  4 bullfrog skeletons
  2 iguanas (D:13)
  6 hell rats
  4 worker ants
  3 lightning spires (Depths:1)
  A killer bee zombie (D:8)
  A demigod zombie (Crypt:1)
  A deep dwarf zombie (Crypt:2)
  A tengu zombie (Crypt:2)
  2 hound zombies (D:7)
  3 hound skeletons
  5 mummies (Crypt:1)
  A worker ant zombie (D:7)
  9 gnolls
  10 adders
  A steam dragon zombie (Crypt:3)
  4 shadow imps
  A white imp (Depths:5)
  An ooze (Lair:5)
  A worm (shapeshifter) (Depths:3)
  A worm (D:4)
  A barachi zombie (Crypt:2)
  3 dart slugs
  7 leopard geckos
  92 orcs
  2 ball pythons (D:5)
  8 bats
  4 giant cockroaches
  8 goblins
  19 hobgoblins
  11 jackals
  17 kobolds
  6 quokkas
  A ball python skeleton (Crypt:3)
  3 frilled lizards
  A frilled lizard zombie (Crypt:1)
  A jackal zombie (D:7)
  A kobold skeleton (Crypt:1)
  A leopard gecko skeleton (D:7)
  A leopard gecko zombie (Crypt:2)
  3 quokka skeletons
  A rat (D:1)
  A fungus (Lair:6)
  25 plants
  2 tentacles (Shoals:1)
2035 creatures vanquished.

Vanquished Creatures (collateral kills)
  A golden dragon (Depths:5)
  A large abomination (Vaults:5)
  An electric golem (Zot:2)
  Jorgrun (Snake:3)
  3 tentacled monstrosities
  A deep elf blademaster (Elf:2)
  2 titans (Vaults:5)
  Frances (Snake:1)
  A death cob (Zot:2)
  A sphinx (Vaults:5)
  A tengu reaver (Vaults:5)
  An azure jelly (Orc:2)
  3 nagarajas
  A storm dragon (Zot:1)
  A frost giant (Depths:4)
  2 deep elf sorcerers
  2 vault wardens
  A fire giant (Depths:4)
  A draconian shifter (Zot:1)
  An ironheart preserver (Vaults:4)
  A deep elf elementalist (Elf:2)
  A draconian annihilator (Zot:1)
  2 very ugly things
  A war gargoyle (Vaults:5)
  An entropy weaver (Vaults:4)
  A red draconian (Zot:1)
  A deep elf demonologist (Vaults:5)
  2 deep elf annihilators
  A white draconian (Depths:5)
  2 ettins
  A green death (Snake:2)
  4 deep elf death magi
  2 yaktaur captains
  2 jiangshi (Crypt:3)
  3 merfolk javelineers
  2 merfolk impalers
  A great orb of eyes (D:15)
  3 deep elf high priests
  A spriggan air mage (Depths:5)
  A rakshasa (Depths:4)
  An ice dragon (Depths:2)
  A hydra (Lair:4)
  3 vault guards (Vaults:5)
  A naga warrior (Snake:4)
  A catoblepas (Lair:6)
  An anaconda (Snake:2)
  A merfolk aquamancer (Shoals:1)
  A satyr (Shoals:4)
  8 two-headed ogres
  An ogre mage (Vaults:1)
  2 dancing weapons
  A death knight (D:15)
  2 death yaks (Lair:6)
  A death yak (shapeshifter) (Vaults:5)
  3 orc high priests (Orc:2)
  2 deep troll shamans
  3 shock serpents
  3 naga sharpshooters
  6 deep elf knights
  An iron troll (Depths:4)
  A skeletal warrior (Vaults:2)
  2 sea snakes (Snake:4)
  4 deep trolls
  4 wizards
  An unseen horror (D:15)
  A naga ritualist (Snake:4)
  A glowing orange brain (Depths:5)
  8 harpies
  3 orc knights
  A shambling mangrove (Lair:6)
  An ironbrand convoker (Vaults:4)
  4 deep elf archers
  2 mana vipers
  A cyclops (Vaults:1)
  A necromancer (Vaults:3)
  2 phantasmal warriors (Vaults:5)
  4 deep elf magi
  An orc sorcerer (Orc:2)
  6 manticores
  A salamander (Snake:2)
  2 merfolk sirens
  5 naga magi
  A vault sentinel (Vaults:3)
  A moth of wrath (Zot:1)
  9 black mambas
  An elephant (Lair:4)
  2 ice statues (Depths:2)
  2 water nymphs (Shoals:4)
  4 yaktaurs
  An ice devil (Depths:2)
  A jumping spider (Vaults:4)
  3 wind drakes
  3 merfolk (Shoals:4)
  A harpy zombie (Shoals:4)
  2 blink frogs (Lair:4)
  A snapping turtle (Shoals:2)
  2 hippogriffs
  5 slime creatures
  A tarantella (Vaults:4)
  7 water elementals
  4 yaks (Lair:4)
  2 basilisks (Lair:4)
  9 nagas
  A tengu zombie (D:15)
  A water moccasin (Lair:5)
  2 orc warriors (Orc:2)
  A black bear (Lair:6)
  A human zombie (Vaults:3)
  5 ogres
  A wyvern skeleton (D:10)
  5 killer bees (D:9)
  2 howler monkeys (D:9)
  6 orc priests (Orc:2)
  3 orc wizards
  A lightning spire (Depths:1)
  A worker ant (D:9)
  2 gnolls (Orc:2)
  A shadow imp (D:10)
  12 orcs
  A bat zombie (Shoals:4)
  A kobold (D:14)
  A crawling corpse (Vaults:5)
  5 plants
274 creatures vanquished.

Vanquished Creatures (others)
  2 yaktaur captains (Vaults:5)
  3 deep elf magi
  A mana viper (Snake:1)
  A naga mage (Snake:2)
  A yaktaur (Vaults:5)
  2 air elementals (Elf:1)
  A water elemental (Elf:1)
  A yak (shapeshifter) (Elf:1)
  An adder (D:11)
  3 ball lightnings (Depths:1)
  An orc (D:14)
  2 bushes (Lair:5)
  12 fungi
  13 plants
  8 tentacles (Shoals:1)
  7 withered plants (D:15)
59 creatures vanquished.

Grand Total: 2368 creatures vanquished

Notes
Turn   | Place    | Note
-------+----------+-------------------------------------------
     0 | D:1      | seren the Ogre Fighter began the quest for the Orb.
     0 | D:1      | Reached XP level 1. HP: 24/24 MP: 1/1
   320 | D:1      | Reached XP level 2. HP: 28/32 MP: 2/2
  1122 | D:2      | Reached XP level 3. HP: 18/40 MP: 3/3
  1527 | D:2      | Found a hazy altar of Hepliaklqana.
  1571 | D:2      | Reached XP level 4. HP: 33/49 MP: 4/4
  2138 | D:3      | Found a blossoming altar of Fedhas.
  2617 | D:3      | Reached skill level 5 in Fighting
  2617 | D:3      | Reached XP level 5. HP: 35/57 MP: 3/5
  2922 | D:4      | Found a snail-covered altar of Cheibriados.
  3231 | D:4      | Found a staircase to the Ecumenical Temple.
  3245 | Temple   | Entered the Ecumenical Temple
  3375 | Temple   | Became a worshipper of Makhleb the Destroyer
  3497 | D:4      | Found a faded altar of an unknown god.
  3497 | D:4      | Found a radiant altar of Vehumet.
  3503 | D:4      | Found an opulent altar of Gozag.
  3505 | D:4      | Found a stormy altar of Qazlal.
  3506 | D:4      | Found a faded altar of an unknown god.
  3590 | D:5      | Entered Level 5 of the Dungeon
  3715 | D:5      | Reached XP level 6. HP: 66/66 MP: 6/6
  4123 | D:4      | Noticed Edmund
  4279 | D:4      | Found an ornate altar of the Wu Jian Council.
  4344 | D:4      | Found a shadowy altar of Dithmenos.
  4800 | D:5      | Reached * piety under Makhleb
  4800 | D:5      | Reached skill level 5 in Maces & Flails
  5242 | D:5      | Found Ynaaguck's Antique Armour Shoppe.
  5565 | D:5      | Reached XP level 7. HP: 48/72 MP: 3/7
  5885 | D:6      | You fall through a shaft!
  6369 | D:6      | Reached skill level 5 in Shields
  6508 | D:6      | Noticed a yak
  6512 | D:6      | Noticed a yak
  6531 | D:6      | Noticed a yak
  6532 | D:6      | Killed a yak
  6532 | D:6      | Reached XP level 8. HP: 80/80 MP: 6/8
  7144 | D:5      | Killed a yak
  7504 | D:6      | Killed a yak
  7827 | D:7      | Reached XP level 9. HP: 73/88 MP: 7/9
  7829 | D:7      | Noticed a two-headed ogre
  8686 | D:7      | Reached skill level 1 in Invocations
  8973 | D:7      | Reached ** piety under Makhleb
  9391 | D:7      | Reached skill level 5 in Invocations
  9564 | D:8      | Found a staircase to the Lair.
 10003 | D:8      | Reached skill level 10 in Maces & Flails
 10116 | D:8      | Reached skill level 6 in Fighting
 10238 | D:8      | Reached XP level 10. HP: 84/98 MP: 11/13
 10250 | D:8      | Noticed a two-headed ogre
 10703 | D:6      | Reached *** piety under Makhleb
 11529 | D:4      | Got a smoking iron ring
 11602 | D:4      | Killed Edmund
 11602 | D:4      | Reached skill level 7 in Fighting
 11801 | D:7      | Killed a two-headed ogre
 11899 | D:8      | Learned a level 1 spell: Animate Skeleton
 11925 | D:8      | Killed a two-headed ogre
 12018 | D:8      | Found a white marble altar of Elyvilon.
 12399 | D:9      | Found Webu's General Store.
 12407 | D:9      | Bought a scroll of identify for 26 gold pieces
 12409 | D:9      | Identified the ring "Moz Ozai" {*Tele rElec Dex+4} (You took it off an orc wizard on level 4 of the Dungeon)
 12877 | D:10     | Entered Level 10 of the Dungeon
 13188 | D:10     | Noticed a two-headed hydra
 13205 | D:10     | Killed a two-headed hydra
 13205 | D:10     | Reached XP level 11. HP: 104/109 MP: 13/16
 13478 | D:10     | Found a staircase to the Orcish Mines.
 13767 | D:10     | Noticed a red ugly thing
 13771 | D:10     | Reached **** piety under Makhleb
 13838 | D:9      | Killed a red ugly thing
 14230 | D:10     | Reached skill level 8 in Fighting
 14269 | D:10     | Found Nemodoiwk's Antique Armour Boutique.
 14454 | D:10     | Learned a level 1 spell: Apportation
 14471 | D:10     | Found a stormy altar of Qazlal.
 14836 | D:11     | Noticed a manticore
 14842 | D:11     | Noticed a white ugly thing
 14849 | D:10     | Killed a manticore
 15148 | Lair:1   | Entered Level 1 of the Lair of Beasts
 15586 | Lair:1   | Noticed a four-headed hydra
 15594 | Lair:1   | Killed a four-headed hydra
 16467 | Lair:2   | Reached skill level 9 in Fighting
 16610 | Lair:1   | Reached XP level 12. HP: 121/123 MP: 16/18
 16953 | Lair:2   | Reached skill level 10 in Fighting
 16978 | Lair:2   | Found a staircase to the Snake Pit.
 17135 | Lair:2   | Noticed a six-headed hydra
 17196 | Lair:2   | Killed a six-headed hydra
 17460 | Lair:3   | Found a staircase to the Shoals.
 17495 | Lair:3   | Reached skill level 11 in Fighting
 17697 | Lair:3   | Identified the Incunabulum of Dislocated Earth
 17745 | Lair:3   | Got a translucent hand axe
 17746 | Lair:3   | Identified the +8 hand axe "Orocek" {chop, +Inv rF+ rC+ Int-5} (You found it on level 3 of the Lair of Beasts)
 17897 | Lair:3   | Noticed Sonja
 17906 | Lair:3   | Killed Sonja
 18301 | Lair:4   | Noticed an eight-headed hydra
 18311 | Lair:4   | Killed an eight-headed hydra
 18311 | Lair:4   | Reached skill level 12 in Fighting
 18424 | Lair:4   | Reached skill level 1 in Armour
 18424 | Lair:4   | Reached skill level 1 in Evocations
 18556 | Lair:4   | Found a runed door.
 18556 | Lair:4   | Found a shimmering altar of Xom.
 18556 | Lair:4   | Noticed iamserjio's ghost (journeyman OpFi)
 19667 | Lair:5   | Reached XP level 13. HP: 138/140 MP: 17/19
 19717 | Lair:5   | Reached skill level 5 in Dodging
 19743 | Lair:5   | Found a deep blue altar of Sif Muna.
 19869 | Lair:5   | Found a staircase to the Slime Pits.
 20302 | Lair:5   | Reached skill level 10 in Invocations
 20581 | Lair:6   | Entered Level 6 of the Lair of Beasts
 20834 | Orc:1    | Entered Level 1 of the Orcish Mines
 21011 | Orc:2    | Entered Level 2 of the Orcish Mines
 21254 | Orc:2    | Found a bloodstained altar of Trog.
 21255 | Orc:2    | Noticed an orc warlord
 22062 | Orc:2    | Noticed an azure jelly
 22062 | Orc:2    | an orc warlord changed into an azure jelly
 22156 | Orc:2    | Killed an azure jelly
 22256 | Orc:2    | Found a roughly hewn altar of Beogh.
 22315 | Orc:2    | Found Oneil's Armour Shop.
 22723 | Orc:2    | Reached skill level 5 in Evocations
 22889 | Orc:2    | Reached ***** piety under Makhleb
 22956 | Orc:2    | Found a staircase to the Elven Halls.
 23584 | Orc:2    | Reached XP level 14. HP: 149/149 MP: 21/21
 23718 | Orc:2    | Found Ilore's Food Boutique.
 23721 | Orc:2    | Found Baetuyvy's Magic Scroll Boutique.
 23722 | Orc:2    | Found Ovirauta's Food Boutique.
 23722 | Orc:2    | Found Sokhouca's Food Shop.
 23735 | Orc:2    | Bought a scroll of identify for 26 gold pieces
 23735 | Orc:2    | Bought a scroll of identify for 26 gold pieces
 23735 | Orc:2    | Bought a scroll of identify for 26 gold pieces
 23738 | Orc:2    | Bought a scroll of magic mapping for 45 gold pieces
 23738 | Orc:2    | Bought a scroll of blinking for 97 gold pieces
 23738 | Orc:2    | Bought a scroll of teleportation for 39 gold pieces
 23738 | Orc:2    | Bought a scroll of teleportation for 39 gold pieces
 24140 | Lair:6   | Found a hide-covered altar of Uskayaw.
 24985 | Lair:6   | Noticed a dire elephant
 25009 | Lair:6   | Killed a dire elephant
 25057 | Lair:6   | Got a crude mace
 25061 | Lair:6   | Identified the +9 mace of Watchfulness {elec, rF+ Int+5} (You found it on level 6 of the Lair of Beasts)
 26156 | D:11     | Found Ateatapu's Antique Armour Boutique.
 26161 | D:11     | Bought a transparent robe for 153 gold pieces
 26171 | D:11     | Identified the +2 robe of Imariuto {Str+5 Dex+6 Stlth-} (You bought it in a shop on level 11 of the Dungeon)
 26729 | D:12     | Identified the Tome of Mutagenic Envenoming
 27075 | D:12     | Got a crude falchion
 27076 | D:12     | Identified the +3 falchion of Past Mistakes {flame, *Noise rPois Int+5} (You found it on level 12 of the Dungeon)
 27656 | D:13     | Found Ehastora's Food Emporium.
 28479 | D:14     | Found Hitralumo's Book Boutique.
 28515 | D:14     | Reached skill level 15 in Invocations
 28522 | D:14     | Reached XP level 15. HP: 156/156 MP: 26/26
 28570 | D:14     | Reached skill level 1 in Spellcasting
 28570 | D:14     | Reached skill level 1 in Necromancy
 29127 | D:14     | Found a gate to the Vaults.
 29303 | D:15     | Entered Level 15 of the Dungeon
 29310 | D:15     | Noticed Agnes
 29327 | D:15     | Killed Agnes
 29347 | D:15     | Learned a level 3 spell: Regeneration
 29375 | D:15     | Reached skill level 5 in Spellcasting
 29405 | D:15     | Found a staircase to the Depths.
 29432 | D:15     | Paralysed by a hornet for 3 turns
 29944 | Shoals:1 | Entered Level 1 of the Shoals
 30501 | Shoals:1 | Reached skill level 5 in Necromancy
 30619 | Shoals:1 | Reached skill level 1 in Throwing
 31113 | Shoals:1 | Noticed a kraken
 32303 | Shoals:2 | Noticed Polyphemus
 32333 | Shoals:2 | Killed Polyphemus
 32514 | Shoals:2 | Reached skill level 13 in Fighting
 33236 | Shoals:4 | Entered Level 4 of the Shoals
 33309 | Shoals:3 | Reached skill level 5 in Throwing
 33309 | Shoals:3 | Reached XP level 16. HP: 170/170 MP: 24/27
 34138 | Shoals:2 | Learned a level 3 spell: Lesser Beckoning
 34492 | Snake:1  | Entered Level 1 of the Snake Pit
 34885 | Snake:1  | Reached skill level 14 in Fighting
 34965 | Snake:1  | Noticed Aizul
 34990 | Snake:1  | Killed Aizul
 35120 | Snake:1  | Noticed Frances
 35860 | Shoals:4 | Reached skill level 15 in Fighting
 36437 | Shoals:4 | Got a barnacled rune of Zot
 36840 | Shoals:4 | Reached skill level 10 in Throwing
 37250 | Snake:1  | Killed Frances
 37317 | Snake:1  | Found Sasigub's General Store.
 37320 | Snake:1  | Noticed Asterion
 37354 | Snake:1  | Killed Asterion
 37587 | Snake:1  | You fall through a shaft!
 37587 | Snake:2  | Found a runed door.
 37776 | Snake:2  | Noticed a nagaraja
 37793 | Snake:2  | Noticed Nikola
 37802 | Snake:2  | Killed Nikola
 37862 | Lair:1   | Reached XP level 17. HP: 78/184 MP: 17/28
 38195 | Snake:1  | Bought a scroll of magic mapping for 59 gold pieces
 38195 | Snake:1  | Bought a scroll of fear for 59 gold pieces
 38195 | Snake:1  | Bought a potion of invisibility for 136 gold pieces
 38195 | Snake:1  | Bought a scroll of magic mapping for 59 gold pieces
 39643 | Snake:2  | Noticed Vashnia
 39933 | Snake:2  | Reached skill level 5 in Armour
 39942 | Snake:2  | Reached skill level 10 in Shields
 40111 | Snake:2  | Killed Vashnia
 41024 | Snake:3  | Noticed Jorgrun
 41036 | Snake:3  | Killed Jorgrun
 41991 | Snake:4  | Entered Level 4 of the Snake Pit
 41994 | Snake:4  | Noticed Saint Roka
 42332 | Snake:4  | Found a runed gate.
 42333 | Snake:4  | Found a runed gate.
 42468 | Snake:4  | Reached skill level 1 in Charms
 42482 | Snake:4  | Killed Saint Roka
 42633 | Snake:4  | Found a runed gate.
 42633 | Snake:4  | Noticed Jeytapiq's ghost (adept VSSu)
 42634 | Snake:4  | Noticed ThisFiasco's ghost (adept SpEn)
 42634 | Snake:4  | Noticed feelmyfire's ghost (adept DgTm)
 42635 | Snake:4  | Noticed Zukicey's ghost (adept MiBe)
 42640 | Snake:4  | Noticed Meatbag's ghost (adept GnFi)
 43042 | Snake:4  | Found Ziluem's Book Shoppe.
 43045 | Snake:4  | Found Fopsir's General Store.
 43086 | Snake:4  | Found Ylloutuw's Antique Armour Shoppe.
 43193 | Snake:4  | Bought a potion of curing for 30 gold pieces
 43236 | Snake:4  | Reached XP level 18. HP: 86/196 MP: 14/29
 44211 | Snake:3  | Reached skill level 16 in Fighting
 45012 | Snake:4  | Reached skill level 15 in Maces & Flails
 45060 | Snake:4  | Noticed Roxanne
 45562 | Snake:4  | Got a serpentine rune of Zot
 45645 | Snake:4  | Bought a thick robe for 165 gold pieces
 45645 | Snake:4  | Bought a crude robe for 165 gold pieces
 45656 | Snake:4  | Identified the +1 robe of Omiuggal {rElec rF- Str+8 Stlth+} (You bought it in a shop on level 4 of the Snake Pit)
 45666 | Snake:4  | Identified the +2 robe of Gravitas {rC+ rCorr} (You bought it in a shop on level 4 of the Snake Pit)
 45871 | D:9      | Bought 4 large rocks for 36 gold pieces
 45871 | D:9      | Bought 3 scrolls of fog for 78 gold pieces
 46019 | Lair:4   | Killed iamserjio's ghost
 46409 | Vaults:1 | Entered Level 1 of the Vaults
 46494 | Vaults:1 | Reached skill level 17 in Fighting
 47918 | Vaults:1 | Reached skill level 1 in Translocations
 48178 | Vaults:1 | Reached skill level 18 in Fighting
 48438 | Vaults:1 | Reached XP level 19. HP: 180/211 MP: 20/30
 48780 | Vaults:1 | Found Cydios's General Store.
 48796 | Vaults:1 | Bought a potion of cancellation for 128 gold pieces
 48796 | Vaults:1 | Bought a scroll of fear for 56 gold pieces
 48796 | Vaults:1 | Bought a scroll of magic mapping for 56 gold pieces
 50118 | Vaults:2 | Found a staircase to the Crypt.
 51077 | Elf:1    | Entered Level 1 of the Elven Halls
 51859 | Elf:1    | Found a transporter.
 51879 | Elf:1    | Reached skill level 19 in Fighting
 51900 | Elf:1    | HP: 8/215 [something/shard of ice (21)]
 52410 | Elf:1    | Reached skill level 10 in Spellcasting
 52809 | Elf:1    | Found a transporter.
 53195 | Elf:2    | Identified a scroll of acquirement
 53333 | Elf:2    | Found a runed gate.
 53799 | Elf:2    | Found a runed gate.
 53812 | Elf:2    | Found a runed gate.
 53910 | Elf:2    | Found Ajuobets's Jewellery Shoppe.
 54913 | Elf:2    | Found Tebavaff's Weapon Shoppe.
 55412 | Elf:2    | Reached XP level 20. HP: 226/226 MP: 31/34
 56573 | Elf:3    | Entered Level 3 of the Elven Halls
 57341 | D:15     | Noticed Nessos
 57613 | D:14     | Killed Nessos
 57613 | D:14     | Reached skill level 20 in Fighting
 57923 | D:15     | Found Cuak's Book Boutique.
 58087 | D:15     | Noticed Kirke
 58101 | D:15     | Killed Kirke
 58207 | Depths:1 | Entered Level 1 of the Depths
 58554 | Snake:3  | Killed Meatbag's ghost
 58669 | Snake:4  | Killed Jeytapiq's ghost
 59274 | Vaults:2 | Found a gateway to a bazaar.
 59294 | Bazaar   | Entered a bazaar
 59311 | Bazaar   | Found Causoifi's Gadget Shop.
 59340 | Bazaar   | Found Plog's Gadget Shop.
 59358 | Bazaar   | Found Aceofun's Distillery.
 59376 | Bazaar   | Bought a potion of curing for 36 gold pieces
 59376 | Bazaar   | Bought a potion of curing for 36 gold pieces
 59388 | Bazaar   | Found Xekk's Distillery.
 59396 | Bazaar   | Bought a potion of heal wounds for 65 gold pieces
 59396 | Bazaar   | Bought a potion of haste for 130 gold pieces
 59396 | Bazaar   | Bought a potion of cancellation for 104 gold pieces
 59396 | Bazaar   | Bought a potion of curing for 39 gold pieces
 59416 | Bazaar   | Bought a potion of haste for 120 gold pieces
 59686 | Vaults:2 | Noticed a Tzitzimitl
 59689 | Vaults:2 | Gained mutation: You are occasionally teleported next to monsters. [a cacodemon]
 59933 | Lair:1   | Lost mutation: You are occasionally teleported next to monsters. [potion of mutation]
 59933 | Lair:1   | Gained mutation: Your muscles are strong. (Str +2) [potion of mutation]
 59933 | Lair:1   | Gained mutation: You have supernaturally acute eyesight. (SInv) [potion of mutation]
 59933 | Lair:1   | Gained mutation: You have a pair of small horns on your head. [potion of mutation]
 59933 | Lair:1   | Gained mutation: You have an increased reservoir of magic. (+10% MP) [potion of mutation]
 61672 | Vaults:3 | Found Mongoh's Weapon Boutique.
 61700 | Vaults:3 | Bought a +2 morningstar of crushing for 306 gold pieces
 62248 | Vaults:3 | Reached skill level 21 in Fighting
 62360 | Vaults:3 | Found Gozag's Assorted Antiques.
 62716 | Vaults:3 | Reached XP level 21. HP: 243/243 MP: 38/38
 62766 | Vaults:3 | Found an opulent altar of Gozag.
 62766 | Vaults:3 | Found Gozag's Antique Weapon Shoppe.
 62970 | Vaults:3 | Found Gozag's Assorted Antiques.
 63747 | Vaults:4 | Identified the cursed +0 robe "Pilei" {rC- Regen+ MP+9} (You found it on level 4 of the Vaults)
 63771 | Vaults:4 | Reached skill level 22 in Fighting
 65675 | Vaults:4 | Noticed Frederick
 65710 | Vaults:4 | Killed Frederick
 65788 | Vaults:4 | Reached skill level 10 in Dodging
 65927 | Vaults:4 | Noticed Mennas
 66014 | Vaults:4 | HP: 11/245 [Mennas/trishula of holy wrath (4)]
 67897 | D:15     | Upgraded the game from 0.22-a0-866-geee5034 to 0.22-a0-877-g5c4e1af
 68861 | Depths:1 | Learned a level 6 spell: Statue Form
 68961 | Depths:1 | Reached XP level 22. HP: 214/254 MP: 31/39
 68993 | Depths:1 | Found a gateway to Hell.
 69025 | Depths:1 | Learned a level 2 spell: Blink
 69106 | Depths:1 | Reached ****** piety under Makhleb
 69735 | Depths:2 | Reached skill level 10 in Armour
 70386 | Depths:2 | Found a one-way gate to the infinite horrors of the Abyss.
 71127 | Depths:2 | Noticed an ancient lich
 71160 | Depths:2 | Killed an ancient lich
 71724 | Depths:3 | Noticed a juggernaut
 72443 | Depths:3 | Reached skill level 5 in Translocations
 73353 | Depths:3 | Killed a juggernaut
 73799 | Depths:3 | Found a one-way gate leading to the halls of Pandemonium.
 74378 | Depths:3 | Reached skill level 23 in Fighting
 74867 | Depths:4 | Found Archagam's Gadget Emporium.
 74868 | Depths:4 | Found Inoenemn's Jewellery Shop.
 74869 | Depths:4 | Found Dabon's Gadget Emporium.
 74999 | Depths:4 | Reached XP level 23. HP: 267/267 MP: 40/40
 75013 | Depths:4 | Found Etifer's Antique Armour Shop.
 75101 | Depths:4 | Found Oheelum's General Store.
 75109 | Depths:4 | Bought a scroll of teleportation for 39 gold pieces
 75109 | Depths:4 | Bought a potion of heal wounds for 65 gold pieces
 75142 | Depths:4 | Found a gateway to a ziggurat.
 75165 | Depths:4 | Found Uzyl's Armour Emporium.
 75379 | Depths:4 | Noticed a caustic shrike
 75386 | Depths:4 | Killed a caustic shrike
 76199 | Elf:3    | Found Gorheneu's Antique Weapon Emporium.
 76328 | Elf:3    | Identified the Catalogue of Talismans
 77261 | Elf:3    | Identified the Tome of Black Secrets
 78320 | Elf:3    | Cast into level 3 of the Abyss (a deep elf demonologist)
 78576 | Elf:3    | Escaped the Abyss
 78861 | Elf:3    | Got a vibrating steel ring
 78881 | Elf:3    | Identified the ring of Greed {Wiz SInv} (You took it off a deep elf mage on level 3 of the Elven Halls)
 79326 | Elf:3    | Identified the Reference Book on Unholy Poison
 80240 | Depths:4 | Found a glowing golden altar of the Shining One.
 80630 | Depths:5 | Entered Level 5 of the Depths
 80807 | Depths:5 | Paralysed by a great orb of eyes for 3 turns
 81346 | Depths:5 | Found a portal to a secret trove of treasure.
 81365 | Trove    | Entered a treasure trove
 81383 | Trove    | Got a colourful robe
 81393 | Trove    | Got a slimy large shield
 81395 | Trove    | Got a bloodstained large shield
 81418 | Depths:5 | Identified the +4 large shield of Dithmenos's Supremacy {*Corrode rElec rF+} (You found it in a treasure trove)
 81419 | Depths:5 | Identified the +6 large shield of Claustrophobia {rF+} (You found it in a treasure trove)
 81583 | Depths:5 | Reached XP level 24. HP: 278/278 MP: 40/40
 81608 | Depths:5 | HP: 12/278 [spark wasp/living lightning (22)]
 82628 | Depths:5 | Reached skill level 15 in Shields
 82746 | Depths:5 | Found a gate to the Realm of Zot.
 82886 | Depths:5 | Noticed a juggernaut
 82899 | Depths:5 | Killed a juggernaut
 83167 | D:14     | Bought a book of Callings for 450 gold pieces
 83172 | D:14     | Learned a level 4 spell: Summon Lightning Spire
 83241 | Crypt:1  | Entered Level 1 of the Crypt
 83283 | Crypt:1  | Reached skill level 1 in Summonings
 83311 | Crypt:1  | Reached skill level 1 in Air Magic
 83410 | Crypt:1  | Noticed Bai Suzhen
 83454 | Crypt:1  | Killed Bai Suzhen
 83686 | Crypt:1  | Found a basalt altar of Yredelemnul.
 83709 | Crypt:1  | Noticed Boris
 83721 | Crypt:1  | Killed Boris
 84174 | Depths:4 | Bought the amulet "Odaima" {Reflect rElec rN++ Int+8 Dex-5 SH+3} for 1116 gold pieces
 84940 | Crypt:2  | Reached skill level 5 in Summonings
 84943 | Crypt:2  | Reached skill level 5 in Air Magic
 85421 | Crypt:2  | Learned a level 1 spell: Summon Butterflies
 85547 | Crypt:3  | Entered Level 3 of the Crypt
 86104 | Crypt:3  | Reached XP level 25. HP: 267/283 MP: 40/40
 86210 | Crypt:3  | Found a staircase to the Tomb.
 87025 | Crypt:3  | Noticed an ancient lich
 87127 | Crypt:3  | Killed an ancient lich
 87269 | Crypt:3  | Identified the cursed +1 robe "Zismo" {Int+2 SInv} (You found it on level 3 of the Crypt)
 87569 | Hell     | Entered the Vestibule of Hell
 87569 | Hell     | Noticed Geryon
 87764 | Depths:1 | Found a runed door.
 87928 | Depths:4 | Bought a potion of flight for 39 gold pieces
 89276 | Vaults:5 | Entered Level 5 of the Vaults
 89452 | Vaults:5 | Noticed Mara
 89683 | Vaults:5 | Got a silver rune of Zot
 90190 | Vaults:5 | Reached skill level 5 in Charms
 90481 | Vaults:5 | Noticed seren's illusion
 90487 | Vaults:5 | Killed Mara
 90487 | Vaults:5 | Reached skill level 24 in Fighting
 90489 | Vaults:5 | Got a glittering jade ring
 90490 | Vaults:5 | Identified the ring "Hise" {+Blink rF++ MR+ SInv} (You took it off Mara on level 5 of the Vaults)
 90547 | Vaults:5 | Noticed an ancient lich
 90555 | Vaults:5 | Reached XP level 26. HP: 299/299 MP: 40/40
 90568 | Vaults:5 | Killed an ancient lich
 90890 | Vaults:5 | Found Gumumpur's Jewellery Shoppe.
 92202 | Zot:1    | Entered Level 1 of the Realm of Zot
 92406 | Zot:1    | Found a transporter.
 92642 | Zot:1    | Found the +10 large shield of Ignorance {rN+ Int-4}
 92688 | Zot:1    | Reached skill level 10 in Necromancy
 93892 | Zot:1    | Found a transporter.
 94898 | Zot:2    | Paralysed by you for 6 turns
 94911 | Zot:2    | Paralysed by an apocalypse crab for 3 turns
 95503 | Zot:2    | Reached XP level 27. HP: 308/308 MP: 40/40
 95530 | Zot:2    | Paralysed by you for 3 turns
 97074 | Zot:3    | Upgraded the game from 0.22-a0-877-g5c4e1af to 0.22-a0-880-gb7b0c8b
 97749 | Zot:3    | Noticed an ancient lich
 97758 | Zot:3    | Killed from afar by an ancient lich

Vault maps used:
D:1:      moated_graveyard_arrival
D:2:      lemuel_round_altar, first_ration, minivault_4
D:3:      lemuel_crystal_altar
D:4:      lemuel_doored_altar, nicolae_overflow_crystal_walls,
          chequers_temple_overflow_minitemple, lemuel_round_altar,
          minmay_temple_entry_junction, saegor_snake_ambush, uniq_edmund
D:5:      serial_shops, kennysheep_mini
D:6:      minmay_tree_intersection
D:7:      kennysheep_housing_project
D:8:      overflow_temple_1_default, erik_lair_orcish_takeover
D:9:      serial_shops, shop
D:10:     orc_0_dummy, basic_altar, serial_shops, nicolae_shop_crystal,
          hangedman_ranch, palyth_stone_intersect, lemuel_another_geyser
D:11:     serial_shops, shop
D:12:     stair_cage_wide
D:13:     serial_shops, nicolae_shop_crystal
D:14:     hangedman_vaults_entry_quadrant_bands, serial_shops,
          nicolae_shop_stone
D:15:     gammafunk_depths_entry_grave, serial_shops, shop, uniq_kirke,
          uniq_nessos, uniq_agnes
Temple:   dshaligram_water_room_temple
Lair:2:   minmay_snake_entry_guardpost_small, st_stairs_8
Lair:3:   elwin_shoals_entry_stream, serial_bayou_shore_b, uniq_sonja
Lair:4:   ebering_ghost_xom
Lair:5:   minmay_slime_entry_jelly_boxes, basic_altar, grunt_megastairs_5,
          minmay_lair_oklob_chamber
Lair:6:   grunt_lair_end_beastmaster, basic_altar, wad_woods_road_03,
          lemuel_fruit_fields
Shoals:2: uniq_polyphemus
Shoals:4: shoals_end_simple, nicolae_shoals_undead_eyrie
Snake:1:  serial_shops, nicolae_shop_behind_doors,
          nicolae_snake_serpentine_hallways, serial_bayou_pond_c, uniq_asterion,
          uniq_frances, uniq_aizul
Snake:2:  cheibrodos_toxic_ritual, uniq_vashnia, uniq_nikola
Snake:3:  uniq_jorgrun
Snake:4:  grunt_snake_rune_pools, gammafunk_ghost_cemetery, minmay_shop_star,
          uniq_roxanne, uniq_saint_roka
Orc:2:    st_orc_pillars, serial_shops, shop, basic_altar, mines1_david
Elf:1:    gammafunk_sealed_arena, minivault_28, minivault_20, hex_large
Elf:2:    serial_shops, nicolae_shop_statue_plus, shop, grunt_ministairs_13,
          nicolae_elf_big_sculpture_3, corexii_hall_statues_i
Elf:3:    minmay_elf_hall_furrowed, serial_shops, shop, minmay_elf_necromancy
Vaults:1: vaults_room_glass_cross, vaults_mumra_hex,
          hangedman_vaults_variations, vaults_standard_mumra_lines,
          v_alt_pattern_5, nicolae_vaults_little_squares_6, v_misc_32,
          hangedman_vaults_snaps, v_misc_23, nicolae_vaults_circle_grid_b,
          v_misc_8, serial_shops, shop
Vaults:2: ontoclasm_vaults_chip, vaults_room_octagon,
          minmay_crypt_entry_simple_sparse, hangedman_vaults_nails,
          serial_shops, bzr_entry_lakeside
Vaults:3: nicolae_vaults_yaktaur_gun_rack, hangedman_vaults_restitches,
          nicolae_vaults_network_quincunx, hangedman_vaults_cutoff, v_misc_9,
          nicolae_vaults_network_barrier, vaults_room_mumra_shop_pool,
          grunt_vaults_hallway_long, ontoclasm_vaults_bender, vaults_dpeg_ring,
          nicolae_vaults_ring_of_whatevers, kennysheep_vaults_gozag_temple,
          ontoclasm_vaults_loading_screen, vaults_room_pool
Vaults:4: v_misc_17, v_misc_17, st_lattice, hangedman_vaults_unwind,
          grunt_vaults_bifocal, v_misc_3, vaults_room_octagon,
          nicolae_vaults_big_ls, ontoclasm_vaults_chip, nicolae_vaults_theta,
          uniq_mennas, uniq_frederick
Vaults:5: uniq_mara
Crypt:1:  basic_altar, grunt_crypt_arrival_guarded_gate, uniq_bai_suzhen,
          uniq_boris
Crypt:2:  basic_loot_grate_trap
Crypt:3:  david_glass_crypt, tomb_entry_simple_bobbens, serial_corexii_hall,
          corexii_hall_statues_i, corexii_hall_statues_deadend
Depths:1: minmay_misc_feat_chi, hell_entry, hangedman_aerie_drop
Depths:2: cheibrodos_cascadia, abyss_entry, hell_entry,
          roderic_cross_of_infinity, infiniplex_staircase_x, grunt_megastairs_4
Depths:3: minmay_containers, minmay_misc_feat_ornament, rand_demon_pan_entry_5,
          abyss_entry, hangedman_coc_ice_floe
Depths:4: cross_vault, enter_ziggurat_f, serial_shops, shop,
          kennysheep_mini_moat, nicolae_shop_trees, abyss_entry,
          hangedman_geh_valley, serial_sigils_hangedman_gut, tso_altar,
          minmay_shop_grove
Depths:5: grunt_zot_entry_hairpin, nicolae_trove_entry_crossroad, hex_medium,
          rand_demon_pan_entry_7, hell_entry, grunt_megastairs_3
Zot:1:    gammafunk_dig_for_victory
Zot:2:    gammafunk_mikee_crab_dinner
Zot:3:    nzn_random_ring
Abyss:3:  evilmike_abyss_exit_10, minivault_27, due_exit_kobolds
Bazaar:   dpeg_bazaar_wands
Trove:    trove_armour_six_rooms

Skill      XL: |  1  2  3  4  5  6  7  8  9 10 11 12 13 14 15 16 17 18 19 20 21 22 23 24 25 26 27 |
---------------+----------------------------------------------------------------------------------+-----
Maces & Flails | 2 3 4 5 6 9 10 12 14 15 16 | 16.0
Shields        | 3 4 5 6 8 9 10 11 14 15 | 15.0
Fighting       | 5 6 7 9 12 13 15 18 19 21 22 23 24 | 24.5
Invocations    | 5 7 8 9 10 15 16 17 18 | 18.0
Dodging        | 3 4 5 9 10 11 12 13 | 13.3
Armour         | 3 5 7 9 10 12 13 | 13.5
Evocations     | 3 5 6 |  6.3
Spellcasting   | 7 10 | 10.0
Necromancy     | 5 7 10 | 10.0
Throwing       | 5 10 12 13 14 | 14.0
Charms         | 2 3 5 8 |  8.0
Translocations | 1 3 6 7 |  7.0
Summonings     | 7 8 |  8.0
Air Magic      | 7 8 |  8.0

Action                   |  1- 3 |  4- 6 |  7- 9 | 10-12 | 13-15 | 16-18 | 19-21 | 22-24 | 25-27 || total
-------------------------+-------+-------+-------+-------+-------+-------+-------+-------+-------++-------
Melee: Flail             |    20 |       |    26 |    16 |       |       |       |       |       ||    62
       Mace              |    63 |    31 |       |       |   770 |   666 |       |       |       ||  1530
       Whip              |       |    91 |   200 |   812 |   819 |       |       |       |       ||  1922
       Hunting sling     |       |     1 |       |       |       |       |       |       |       ||     1
       Morningstar       |       |       |       |       |       |   302 |  2014 |  2081 |  1526 ||  5923
       Demon whip        |       |       |       |       |       |   800 |   403 |       |       ||  1203
       Unarmed           |       |       |       |       |       |     6 |       |       |       ||     6
       Headbutt          |       |       |       |       |       |       |   333 |   665 |   446 ||  1444
 Fire: Hunting sling     |    37 |   107 |   160 |   153 |   112 |     9 |       |       |       ||   578
Throw: Large rock        |       |       |       |       |    10 |    61 |    20 |    44 |       ||   135
       Stone             |       |       |       |       |     2 |       |       |       |       ||     2
       Javelin           |       |       |       |       |       |       |       |    36 |    63 ||    99
 Cast: Animate Skeleton  |       |       |       |       |    23 |   122 |   141 |    92 |    67 ||   445
       Apportation       |       |       |       |       |     7 |     1 |     1 |     3 |     3 ||    15
       Regeneration      |       |       |       |       |       |     2 |       |     4 |     2 ||     8
       Blink             |       |       |       |       |       |       |       |     1 |       ||     1
       Lesser Beckoning  |       |       |       |       |       |       |       |     1 |       ||     1
       Summon Lightning  |       |       |       |       |       |       |       |       |     1 ||     1
Invok: Lesser Servant of |       |       |       |    15 |    45 |    35 |    28 |     5 |       ||   128
       Minor Destruction |       |       |       |     2 |    16 |       |    71 |       |       ||    89
       Greater Servant o |       |       |       |       |       |     1 |     7 |     5 |     2 ||    15
       Major Destruction |       |       |       |       |       |       |     2 |       |       ||     2
 Abil: Evoke Flight      |       |       |       |       |       |       |     1 |       |     1 ||     2
Evoke: Wand              |       |       |       |     8 |    27 |    12 |    11 |     4 |     4 ||    66
       Lightning rod     |       |       |       |       |       |    12 |    19 |       |     1 ||    32
       Phial of floods   |       |       |       |       |       |     2 |     2 |       |       ||     4
       Box of beasts     |       |       |       |       |       |     1 |       |       |       ||     1
       Lamp of fire      |       |       |       |       |       |       |       |       |     3 ||     3
       Sack of spiders   |       |       |       |       |       |       |       |       |     1 ||     1
       Phantom mirror    |       |       |       |       |       |       |       |       |     1 ||     1
  Use: Potion            |     2 |     2 |     1 |     1 |     2 |     8 |    12 |     7 |     8 ||    43
       Scroll            |       |     4 |    13 |     8 |    14 |    16 |    22 |    15 |    24 ||   116
 Stab: Sleeping          |     1 |       |       |       |       |       |       |       |       ||     1
       Distracted        |       |       |     1 |     3 |     7 |     7 |    11 |     5 |     8 ||    42
       Paralysed         |       |       |       |     2 |       |       |       |       |       ||     2
  Eat: Chunk             |     2 |    12 |     8 |    25 |    34 |    24 |    56 |    38 |    12 ||   211
       Ration            |       |       |     2 |     2 |     3 |     9 |     3 |     6 |     8 ||    33
Armor: Robe              |    36 |    24 |    32 |    34 |    88 |       |       |       |       ||   214
       Troll leather arm |       |       |       |    68 |   231 |   334 |   343 |       |       ||   976
       Skin              |       |       |       |       |       |     1 |     3 |       |       ||     4
       Fire dragon scale |       |       |       |       |       |       |   214 |   412 |       ||   626
       Storm dragon scal |       |       |       |       |       |       |       |    70 |   220 ||   290
       Gold dragon scale |       |       |       |       |       |       |       |       |   250 ||   250
Dodge: Dodged            |    45 |    44 |    69 |   163 |   428 |   548 |   775 |   464 |   224 ||  2760
Block: Shield            |    51 |    61 |    86 |   261 |   626 |   739 |   980 |   448 |       ||  3252
       Large shield      |       |       |       |       |       |       |       |   880 |  1604 ||  2484
       Reflection        |       |       |       |       |       |       |       |     1 |    39 ||    40

Table legend:
 A = Spawn XP
 B = Non-spawn XP
 C = Spawn XP percentage of total XP
 D = Spawn monster count
 E = Non-spawn monster count
 F = Spawn count percentage of total count
 G = Total turns spent on level
                    A         B        C        D         E        F      G
               +---------+---------+-------+---------+---------+-------+---------
         Total |    7126 | 1324757 |   0.5 |      14 |    2267 |   0.6 | 97758
               +---------+---------+-------+---------+---------+-------+---------
           D:1 |       0 |      24 |   0.0 |       0 |      13 |   0.0 |  1016
           D:2 |       0 |      68 |   0.0 |       0 |      25 |   0.0 |   977
           D:3 |       0 |     124 |   0.0 |       0 |      24 |   0.0 |  1137
           D:4 |       0 |     264 |   0.0 |       0 |       8 |   0.0 |  1238
           D:5 |       0 |     652 |   0.0 |       0 |      25 |   0.0 |  2201
           D:6 |       0 |    1034 |   0.0 |       0 |      21 |   0.0 |  1915
           D:7 |       0 |    3249 |   0.0 |       0 |      62 |   0.0 |  2872
           D:8 |       0 |    1883 |   0.0 |       0 |      21 |   0.0 |  1341
           D:9 |       0 |    1888 |   0.0 |       0 |      22 |   0.0 |  1363
          D:10 |       0 |    6767 |   0.0 |       0 |      56 |   0.0 |  2239
          D:11 |       0 |    4012 |   0.0 |       0 |      27 |   0.0 |  1086
          D:12 |       0 |    3645 |   0.0 |       0 |      22 |   0.0 |  1272
          D:13 |       0 |    6224 |   0.0 |       0 |      37 |   0.0 |   964
          D:14 |       0 |   21832 |   0.0 |       0 |      60 |   0.0 |  3267
          D:15 |       0 |   34776 |   0.0 |       0 |      69 |   0.0 |  2694
        Lair:1 |       0 |    3088 |   0.0 |       0 |      15 |   0.0 |  2047
        Lair:2 |       0 |    4980 |   0.0 |       0 |      23 |   0.0 |  1413
        Lair:3 |       0 |    3305 |   0.0 |       0 |      10 |   0.0 |  1267
        Lair:4 |       0 |    7401 |   0.0 |       0 |      31 |   0.0 |  1227
        Lair:5 |       0 |    7471 |   0.0 |       0 |      39 |   0.0 |  1496
        Lair:6 |       0 |   11650 |   0.0 |       0 |      33 |   0.0 |  1168
      Shoals:1 |       0 |    8235 |   0.0 |       0 |      19 |   0.0 |  1651
      Shoals:2 |       0 |   15244 |   0.0 |       0 |      26 |   0.0 |  1682
      Shoals:3 |       0 |   12032 |   0.0 |       0 |      24 |   0.0 |  1664
      Shoals:4 |       0 |   29725 |   0.0 |       0 |      63 |   0.0 |  1534
       Snake:1 |       0 |   16840 |   0.0 |       0 |      31 |   0.0 |  1838
       Snake:2 |       0 |   32648 |   0.0 |       0 |      45 |   0.0 |  1852
       Snake:3 |       0 |   18023 |   0.0 |       0 |      27 |   0.0 |  2665
       Snake:4 |       0 |   44228 |   0.0 |       0 |      84 |   0.0 |  2762
         Orc:1 |       0 |    1914 |   0.0 |       0 |      30 |   0.0 |  1084
         Orc:2 |       0 |   16224 |   0.0 |       0 |     116 |   0.0 |  2844
         Elf:1 |       0 |   26561 |   0.0 |       0 |      49 |   0.0 |  2340
         Elf:2 |       0 |   48473 |   0.0 |       0 |      73 |   0.0 |  3863
         Elf:3 |       0 |   60370 |   0.0 |       0 |      64 |   0.0 |  2192
      Vaults:1 |       0 |   65776 |   0.0 |       0 |     116 |   0.0 |  3978
      Vaults:2 |       0 |   23411 |   0.0 |       0 |      46 |   0.0 |  2334
      Vaults:3 |       0 |   54083 |   0.0 |       0 |      99 |   0.0 |  2569
      Vaults:4 |       0 |   66449 |   0.0 |       0 |      97 |   0.0 |  3510
      Vaults:5 |       0 |  155764 |   0.0 |       0 |     121 |   0.0 |  2512
       Crypt:1 |       0 |   36398 |   0.0 |       0 |      47 |   0.0 |  1225
       Crypt:2 |       0 |   29776 |   0.0 |       0 |      42 |   0.0 |   820
       Crypt:3 |       0 |   63139 |   0.0 |       0 |      53 |   0.0 |  1874
      Depths:1 |       0 |   21484 |   0.0 |       0 |      51 |   0.0 |  1807
      Depths:2 |       0 |   49155 |   0.0 |       0 |      58 |   0.0 |  2515
      Depths:3 |       0 |   50773 |   0.0 |       0 |      61 |   0.0 |  2673
      Depths:4 |       0 |   31238 |   0.0 |       0 |      35 |   0.0 |  1809
      Depths:5 |       0 |   63267 |   0.0 |       0 |      51 |   0.0 |  2952
          Hell |       0 |     148 |   0.0 |       0 |       1 |   0.0 |    16
         Zot:1 |       0 |   25905 |   0.0 |       0 |      19 |   0.0 |   883
         Zot:2 |       0 |   73013 |   0.0 |       0 |      40 |   0.0 |  2214
         Zot:3 |       0 |   60124 |   0.0 |       0 |      36 |   0.0 |  1317
       Abyss:3 |    7126 |       0 | 100.0 |      14 |       0 | 100.0 |   256
               +---------+---------+-------+---------+---------+-------+---------
